SL
CAROLINA MUDCATS @ CHATTANOOGA LOOKOUTS
04/12/2054
 
TOP OF THE 1ST
Carolina Mudcats batting - Pitching for Chattanooga Lookouts : RHP Francisco Marín
Pitching: RHP Francisco Marín
Batting: RHB José Madina 0-0: Called Strike
0-1: Bunt missed!
0-2: TRIPLE (Flyball, 78XD)
Batting: RHB José Chávez 0-0: Called Strike
0-1: Ground out 5-3 (Groundball, 56S)
José Madina scores
Batting: RHB Alejandro Ortíz 0-0: Ball
1-0: Called Strike
1-1: Ball
2-1: Foul Ball, location: 2F
2-2: Strikes out looking
Batting: SHB Cipriano Sánchez 0-0: Called Strike
0-1: Ball
1-1: Swinging Strike
1-2: SINGLE (Groundball, 34D)
Batting: RHB Will Baker 0-0: Swinging Strike
0-1: Foul Ball, location: 2F
0-2: Ball
1-2: Ball
2-2: Strikes out swinging
Top of the 1st over - 1 run, 2 hits, 0 errors, 1 left on base; Carolina 1 - Chattanooga 0
BOTTOM OF THE 1ST
Chattanooga Lookouts batting - Pitching for Carolina Mudcats : RHP Markus Pérez
Pitching: RHP Markus Pérez
Batting: LHB Shoji Mizutani 0-0: Ground out 6-3 (Groundball, 6M)
Batting: RHB Pio Vespucci 0-0: Swinging Strike
0-1: Foul Ball, location: 2F
0-2: Strikes out swinging
Batting: LHB Curtis Wagner 0-0: Ball
1-0: Ball
2-0: SINGLE (Groundball, 56D)
Batting: LHB Eli Sewell 0-0: Ball
1-0: Ball
2-0: Foul Ball, location: 2F
2-1: Fielders Choice at 2nd, 6-4 (Groundball, 6)
Bottom of the 1st over - 0 runs, 1 hit, 0 errors, 1 left on base; Carolina 1 - Chattanooga 0
TOP OF THE 2ND
Carolina Mudcats batting - Pitching for Chattanooga Lookouts : RHP Francisco Marín
Batting: RHB Nick Wilson 0-0: Ball
1-0: Called Strike
1-1: Foul Ball, location: 2F
1-2: Ground out 6-3 (Groundball, 6MS)
Batting: LHB Mike Sims 0-0: Ground out 4-3 (Groundball, 4)
Batting: RHB T.J. Ray 0-0: Ball
1-0: Ball
2-0: Called Strike
2-1: Called Strike
2-2: Strikes out swinging
Top of the 2nd over - 0 runs, 0 hits, 0 errors, 0 left on base; Carolina 1 - Chattanooga 0
BOTTOM OF THE 2ND
Chattanooga Lookouts batting - Pitching for Carolina Mudcats : RHP Markus Pérez
Batting: LHB Ángel García 0-0: Called Strike
0-1: Ball
1-1: Fly out, F6 (Popup, 6)
Batting: LHB Nadir Mariuki 0-0: Ball
1-0: DOUBLE (Line Drive, 5D)
Batting: LHB Gerardo Enríquez 0-0: Foul Ball, location: 2F
0-1: Foul Ball, location: 2F
0-2: Ball
1-2: Foul Ball, location: 2F
1-2: Ground out 6-3 (Groundball, 6)
Batting: SHB Juan Alvarado 0-0: Called Strike
0-1: Ball
1-1: Called Strike
1-2: Ball
2-2: Strikes out looking
Bottom of the 2nd over - 0 runs, 1 hit, 0 errors, 1 left on base; Carolina 1 - Chattanooga 0
TOP OF THE 3RD
Carolina Mudcats batting - Pitching for Chattanooga Lookouts : RHP Francisco Marín
Batting: RHB Cary Hudson 0-0: Ball
1-0: Ball
2-0: Ball
3-0: Called Strike
3-1: Base on Balls
Batting: RHB José Madina 0-0: Ball
1-0: Ball
2-0: Called Strike
Cary Hudson steals 2nd base
2-1: Foul Ball, location: 2F
2-2: Foul Ball, location: 2F
2-2: SINGLE (Groundball, 56D)
Cary Hudson to third
Batting: RHB José Chávez 0-0: Ball
1-0: Ball
2-0: Foul Ball, location: 2F
2-1: Called Strike
2-2: Foul Ball, location: 2F
2-2: Strikes out swinging
Batting: RHB Alejandro Ortíz 0-0: Called Strike
0-1: Ball
1-1: Ball
2-1: Called Strike
2-2: Ball
3-2: Base on Balls
José Madina to second
Batting: SHB Cipriano Sánchez 0-0: Called Strike
0-1: Ball
Wild Pitch!
Cary Hudson scores
José Madina to third
Alejandro Ortíz to second
1-1: Called Strike
1-2: Strikes out swinging
Batting: RHB Will Baker 0-0: Ball
1-0: Foul Ball, location: 2F
1-1: Foul Ball, location: 2F
1-2: Foul Ball, location: 2F
1-2: Strikes out swinging
Top of the 3rd over - 1 run, 1 hit, 0 errors, 2 left on base; Carolina 2 - Chattanooga 0
BOTTOM OF THE 3RD
Chattanooga Lookouts batting - Pitching for Carolina Mudcats : RHP Markus Pérez
Batting: LHB Glen Palmer 0-0: Foul Ball, location: 2F
0-1: DOUBLE (Line Drive, 89XD)
Batting: LHB Shoji Mizutani 0-0: Ball
Wild Pitch!
Glen Palmer to third
1-0: Ball
2-0: Called Strike
2-1: Foul Ball, location: 2F
2-2: Strikes out swinging
Batting: RHB Pio Vespucci 0-0: Called Strike
0-1: Foul Ball, location: 2F
0-2: Ball
1-2: Ball
2-2: Fly out, F8 (Flyball, 8RM)
Runner from 3rd tags up, SCORES, no throw by CF
Batting: LHB Curtis Wagner 0-0: Called Strike
0-1: SINGLE (Groundball, 56D)
Batting: LHB Eli Sewell 0-0: Fly out, F1 (Line Drive, P)
Bottom of the 3rd over - 1 run, 2 hits, 0 errors, 1 left on base; Carolina 2 - Chattanooga 1
TOP OF THE 4TH
Carolina Mudcats batting - Pitching for Chattanooga Lookouts : RHP Francisco Marín
Batting: RHB Nick Wilson 0-0: Ball
1-0: Foul Ball, location: 2F
1-1: Swinging Strike
1-2: Ball
2-2: Strikes out swinging
Batting: LHB Mike Sims 0-0: Ball
1-0: Called Strike
1-1: Called Strike
1-2: Ball
2-2: Ball
3-2: Strikes out swinging
Batting: RHB T.J. Ray 0-0: Ball
1-0: Ball
2-0: Called Strike
2-1: Ball
3-1: Base on Balls
Batting: RHB Cary Hudson 0-0: Ball
1-0: 2-RUN HOME RUN (Flyball, 7LD), Distance : 344 ft
Batting: RHB José Madina 0-0: Called Strike
0-1: Swinging Strike
0-2: Foul Ball, location: 2F
0-2: Foul Ball, location: 2F
0-2: Foul Ball, location: 2F
0-2: Ball
1-2: Ball
2-2: Ball
3-2: Foul Ball, location: 2F
3-2: Strikes out swinging
Top of the 4th over - 2 runs, 1 hit, 0 errors, 0 left on base; Carolina 4 - Chattanooga 1
BOTTOM OF THE 4TH
Chattanooga Lookouts batting - Pitching for Carolina Mudcats : RHP Markus Pérez
Batting: LHB Ángel García 0-0: Swinging Strike
0-1: Called Strike
0-2: Ball
1-2: Ball
2-2: Strikes out swinging
Batting: LHB Nadir Mariuki 0-0: Called Strike
0-1: Foul Ball, location: 2F
0-2: Ball
1-2: Ball
2-2: SINGLE (Groundball, 56) (infield hit)
Batting: LHB Gerardo Enríquez 0-0: Called Strike
0-1: Ball
1-1: Called Strike
1-2: Ball
2-2: Ball
3-2: Base on Balls
Nadir Mariuki to second
Batting: SHB Juan Alvarado 0-0: 3-RUN HOME RUN (Flyball, 9LD), Distance : 331 ft
Batting: LHB Glen Palmer 0-0: Called Strike
0-1: DOUBLE (Groundball, 3L)
Batting: LHB Shoji Mizutani 0-0: Foul Ball, location: 2F
0-1: Ball
1-1: Called Strike
1-2: Foul Ball, location: 2F
1-2: Strikes out swinging
Batting: RHB Pio Vespucci 0-0: Ball
Passed Ball!
Glen Palmer to third
1-0: Ball
2-0: Called Strike
2-1: Ball
3-1: Base on Balls
Batting: LHB Curtis Wagner 0-0: Ball
1-0: Ball
2-0: Called Strike
2-1: Foul Ball, location: 2F
2-2: Foul Ball, location: 2F
2-2: Ball
3-2: Strikes out looking
Bottom of the 4th over - 3 runs, 3 hits, 0 errors, 2 left on base; Carolina 4 - Chattanooga 4
TOP OF THE 5TH
Carolina Mudcats batting - Pitching for Chattanooga Lookouts : RHP Francisco Marín
Batting: RHB José Chávez 0-0: Ball
1-0: Foul Ball, location: 2F
1-1: Swinging Strike
1-2: Strikes out swinging
Batting: RHB Alejandro Ortíz 0-0: Ball
1-0: Ball
2-0: Ball
3-0: Called Strike
3-1: Base on Balls
Batting: SHB Cipriano Sánchez 0-0: Ball
1-0: Called Strike
1-1: Ball
2-1: Called Strike
2-2: Strikes out swinging
Alejandro Ortíz steals 2nd base
Batter strikes out.
Batting: RHB Will Baker 0-0: Swinging Strike
0-1: Fly out, F8 (Line Drive, 8LD)
Top of the 5th over - 0 runs, 0 hits, 0 errors, 1 left on base; Carolina 4 - Chattanooga 4
BOTTOM OF THE 5TH
Chattanooga Lookouts batting - Pitching for Carolina Mudcats : RHP Markus Pérez
Batting: LHB Eli Sewell 0-0: Ball
1-0: Foul Ball, location: 2F
1-1: Foul Ball, location: 2F
1-2: Foul Ball, location: 2F
1-2: SINGLE (Groundball, 4MD)
Pitching: RHP José Mireles
Batting: LHB Ángel García 0-0: Ball
1-0: Called Strike
1-1: Swinging Strike
1-2: Strikes out swinging
Batting: LHB Nadir Mariuki 0-0: Ball
1-0: Ball
2-0: Ball
3-0: Base on Balls
Eli Sewell to second
Batting: LHB Gerardo Enríquez 0-0: Ball
1-0: Ball
2-0: Ball
3-0: Base on Balls
Eli Sewell to third
Nadir Mariuki to second
Batting: SHB Juan Alvarado 0-0: Swinging Strike
0-1: Foul Ball, location: 2F
0-2: SINGLE (Groundball, 34D)
Eli Sewell scores
Nadir Mariuki to third
Gerardo Enríquez to second
Batting: LHB Glen Palmer 0-0: Ball
1-0: Foul Ball, location: 2F
1-1: Fly out, F8 (Flyball, 89D)
Runner from 3rd tags up, SCORES, throw by CF
Gerardo Enríquez to third
Batting: LHB Shoji Mizutani 0-0: Called Strike
0-1: Ball
1-1: Ball
2-1: Foul Ball, location: 2F
2-2: Ball
3-2: Base on Balls
Juan Alvarado to second
Batting: RHB Pio Vespucci 0-0: Ball
1-0: Called Strike
1-1: Swinging Strike
1-2: Foul Ball, location: 2F
1-2: Strikes out swinging
Bottom of the 5th over - 2 runs, 2 hits, 0 errors, 3 left on base; Carolina 4 - Chattanooga 6
TOP OF THE 6TH
Carolina Mudcats batting - Pitching for Chattanooga Lookouts : RHP Francisco Marín
Batting: RHB Nick Wilson 0-0: Ball
1-0: Foul Ball, location: 2F
1-1: Swinging Strike
1-2: Strikes out swinging
Batting: LHB Mike Sims 0-0: Ball
1-0: Called Strike
1-1: Ground out 4-3 (Groundball, 4)
Batting: RHB T.J. Ray 0-0: Called Strike
0-1: Ball
1-1: Foul Ball, location: 2F
1-2: Ball
2-2: Strikes out swinging
Top of the 6th over - 0 runs, 0 hits, 0 errors, 0 left on base; Carolina 4 - Chattanooga 6
BOTTOM OF THE 6TH
Chattanooga Lookouts batting - Pitching for Carolina Mudcats : RHP José Mireles
Batting: LHB Curtis Wagner 0-0: Ball
1-0: Foul Ball, location: 2F
1-1: DOUBLE (Line Drive, 9LM)
Pitching: RHP Réal St-Pierre
Batting: LHB Eli Sewell 0-0: Foul Ball, location: 2F
0-1: Called Strike
0-2: Ball
1-2: Foul Ball, location: 2F
1-2: Strikes out looking
Batting: LHB Ángel García 0-0: Called Strike
0-1: Called Strike
0-2: Ball
Wild Pitch!
Curtis Wagner to third
1-2: Ball
2-2: Ball
3-2: Strikes out swinging
Batting: LHB Nadir Mariuki 0-0: Ground out 1-3 (Groundball, 34S)
Bottom of the 6th over - 0 runs, 1 hit, 0 errors, 1 left on base; Carolina 4 - Chattanooga 6
TOP OF THE 7TH
Carolina Mudcats batting - Pitching for Chattanooga Lookouts : RHP Francisco Marín
Pitching: RHP Ricardo Soto
Batting: RHB Cary Hudson 0-0: Called Strike
0-1: Ball
1-1: Ball
2-1: Called Strike
2-2: Ground out 5-3 (Groundball, 56S)
Batting: RHB José Madina 0-0: Ball
1-0: Ground out 4-3 (Groundball, 4)
Batting: RHB José Chávez 0-0: Ball
1-0: Called Strike
1-1: Ball
2-1: Ball
3-1: Foul Ball, location: 2F
3-2: SINGLE (Groundball, 34D)
Batting: RHB Alejandro Ortíz 0-0: Swinging Strike
0-1: Called Strike
0-2: Ball
1-2: Ball
2-2: Ball
3-2: Strikes out swinging
Top of the 7th over - 0 runs, 1 hit, 0 errors, 1 left on base; Carolina 4 - Chattanooga 6
BOTTOM OF THE 7TH
Chattanooga Lookouts batting - Pitching for Carolina Mudcats : RHP Réal St-Pierre
Batting: LHB Gerardo Enríquez 0-0: Ball
1-0: Ball
2-0: Ball
3-0: Base on Balls
Batting: SHB Juan Alvarado 0-0: Ball
1-0: Ball
2-0: SINGLE (Line Drive, 6MD)
Gerardo Enríquez to second
Runner from 2nd tries for 3rd, SAFE, throw by CF made to third
Batting: LHB Glen Palmer 0-0: Called Strike
0-1: Fielders Choice at 2nd, 1-6 (Groundball, P)
Batting: LHB Shoji Mizutani 0-0: Ball
1-0: Ball
2-0: Fly out, F7 (Flyball, 7S)
Runner from 3rd tags up, SCORES, throw by LF
Batting: RHB Pio Vespucci 0-0: Ball
Wild Pitch!
Glen Palmer to second
1-0: Called Strike
1-1: Ball
2-1: Called Strike
2-2: Ball
3-2: Base on Balls
Pitching: LHP Félix Palmeiro
Batting: LHB Curtis Wagner 0-0: Foul Ball, location: 2F
0-1: Foul Ball, location: 2F
0-2: Foul Ball, location: 2F
0-2: Ball
1-2: Foul Ball, location: 2F
1-2: Ball
2-2: Ball
3-2: Foul Ball, location: 2F
3-2: Strikes out swinging
Bottom of the 7th over - 1 run, 1 hit, 0 errors, 2 left on base; Carolina 4 - Chattanooga 7
TOP OF THE 8TH
Carolina Mudcats batting - Pitching for Chattanooga Lookouts : RHP Ricardo Soto
Batting: SHB Cipriano Sánchez 0-0: Ball
1-0: Called Strike
1-1: Ball
2-1: Foul Ball, location: 2F
2-2: Strikes out looking
Batting: RHB Will Baker 0-0: Called Strike
0-1: Foul Ball, location: 2F
0-2: Strikes out swinging
Batting: RHB Nick Wilson 0-0: SINGLE (Line Drive, 7S)
Batting: LHB Mike Sims 0-0: Foul Ball, location: 2F
0-1: Swinging Strike
0-2: Ball
1-2: Foul Ball, location: 2F
1-2: Strikes out swinging
Top of the 8th over - 0 runs, 1 hit, 0 errors, 1 left on base; Carolina 4 - Chattanooga 7
BOTTOM OF THE 8TH
Chattanooga Lookouts batting - Pitching for Carolina Mudcats : LHP Félix Palmeiro
Batting: LHB Eli Sewell 0-0: Ball
1-0: Foul Ball, location: 2F
1-1: Ball
2-1: SOLO HOME RUN (Flyball, 89XD), Distance : 390 ft
Batting: LHB Ángel García 0-0: Ball
1-0: Ball
2-0: Ball
3-0: Base on Balls
Batting: LHB Nadir Mariuki 0-0: Bunt missed!
0-1: Bunt missed!
0-2: Ball
1-2: Strikes out looking
Batting: LHB Gerardo Enríquez 0-0: Ball
1-0: Grounds out, U3 (Groundball, 3L)
Pitching: LHP Rafael Lara
Batting: SHB Juan Alvarado 0-0: Foul Ball, location: 2F
0-1: Called Strike
0-2: Strikes out swinging
Bottom of the 8th over - 1 run, 1 hit, 0 errors, 1 left on base; Carolina 4 - Chattanooga 8
TOP OF THE 9TH
Carolina Mudcats batting - Pitching for Chattanooga Lookouts : RHP Ricardo Soto
Batting: RHB T.J. Ray 0-0: Called Strike
0-1: Foul Ball, location: 2F
0-2: Foul Ball, location: 2F
0-2: Ground out 4-3 (Groundball, 4)
Batting: RHB Cary Hudson 0-0: Swinging Strike
0-1: Ball
1-1: Foul Ball, location: 2F
1-2: Foul Ball, location: 2F
1-2: Ball
2-2: Foul Ball, location: 2F
2-2: Foul Ball, location: 2F
2-2: Ball
3-2: Foul Ball, location: 2F
3-2: Base on Balls
Pitching: RHP Vince Smith
Batting: RHB José Madina 0-0: Ball
1-0: Called Strike
1-1: Ball
2-1: Swinging Strike
2-2: Strikes out swinging
Batting: RHB José Chávez 0-0: Ball
1-0: SINGLE (Groundball, 56D)
Cary Hudson to second
Batting: RHB Alejandro Ortíz 0-0: Swinging Strike
0-1: Called Strike
0-2: Fly out, F8 (Flyball, 8LXD)
Top of the 9th over - 0 runs, 1 hit, 0 errors, 2 left on base; Carolina 4 - Chattanooga 8
Thursday, June 4th, 2020 - OOTP Baseball 20.8 Build 74